 Dungeon Crawl Stone Soup version 0.29.1-15-g9cfb28693d (webtiles) character file.

Game seed: 13146648760796362922

88 Barneous the Magician (level 4, 0/27 HPs)
             Began as an Octopode Hedge Wizard on Mar 16, 2023.
             Killed from afar by an orc wizard (7 damage)
             ... with a magic dart
             ... on level 4 of the Dungeon.
             The game lasted 00:11:11 (3849 turns).

Barneous the Magician (Octopode Hedge Wizard)       Turns: 3849, Time: 00:11:11

Health: 0/27       AC:  1    Str:  9    XL:     4   Next: 54%
Magic:  9/9        EV: 13    Int: 18    God:
Gold:   135        SH:  0    Dex: 11    Spells: 4/10 levels left

rFire   . . .      SeeInvis .   e - +3 rapier
rCold   . . .      Faith    .   (no shield)
rNeg    . . .      Spirit   .   b - +0 hat
rPois   .          Reflect  .   i - amulet of magic regeneration
rElec   .          Harm     .   (no ring)
rCorr   .          Rampage  .   (no ring)
Will    .....                   (no ring)
Stlth   ++........              (no ring)
HPRegen 0.09/turn               (no ring)
MPRegen 0.51/turn               (no ring)
                                (no ring)
                                (no ring)

@: confused
A: almost no armour, amphibious, 8 rings, camouflage 1, gelatinous body 1,
(nimble swimmer 1), tentacles
a: no special abilities


You were on level 4 of the Dungeon.
You visited 1 branch of the dungeon, and saw 4 of its levels.

You collected 135 gold pieces.

Inventory:

Hand Weapons
 a - a +0 longbow
 e - a +3 rapier (weapon)
Armour
 b - a +0 hat (worn)
Jewellery
 i - an amulet of magic regeneration (around mantle)
Scrolls
 d - a scroll of teleportation
 f - a scroll of amnesia
 h - a scroll of poison
Potions
 c - a potion of magic
 g - a potion of curing


   Skills:
 + Level 0.2 Fighting
 * Level 1.0 Short Blades
 + Level 2.0 Dodging
 + Level 3.0 Stealth
 * Level 0.8 Unarmed Combat
 * Level 3.6 Spellcasting
 * Level 1.5 Conjurations
 * Level 1.8 Summonings
 * Level 1.4 Translocations
 * Level 0.1 Air Magic
 * Level 0.4 Poison Magic


You had 4 spell levels left.
You knew the following spells:

 Your Spells              Type           Power      Damage    Failure   Level
a - Magic Dart            Conj           36%        1d4       8%          1
b - Blink                 Tloc           16%        N/A       13%         2
c - Mephitic Cloud        Conj/Pois/Air  5%         N/A       34%         3

Your spell library contained the following spells:

 Spells                   Type           Power      Damage    Failure   Level
 Call Imp                 Summ           10%        N/A       11%         2
 Slow                     Hex            12%        N/A       16%         1
 Conjure Flame            Conj/Fire      6%         6-21      32%         3
 Ozocubu's Armour         Ice            3%         N/A       41%         3
 Metabolic Englaciation   Hex/Ice        1%         N/A       99%         5
 Simulacrum               Ice/Necr       1%         N/A       100%        6


Dungeon Overview and Level Annotations

Branches:
Dungeon (4/15)
 Temple: D:4-7

Altars:

Shops:
D:1 [*[

Annotations:
D:2 Robin


Innate Abilities, Weirdness & Mutations

You cannot wear most types of armour.
You are amphibious.
You can wear up to eight rings at the same time.
Your skin changes colour to match your surroundings (Stealth+).
Your rubbery body absorbs attacks. (AC +1, EV +1)
((You are camouflaged when in or above water. (Stealth+)))
You have tentacles for arms and can constrict up to eight enemies at once.


Message History

Aiming: Magic Dart (safe; 8% risk of failure)
Press: ? - help, Q - select action, (/) - cycle Shift-Dir - straight line, f/p - orc
Aim: an orc, wielding a +0 war axe, wearing a ring of resist corrosion and quivering stones (heavily wounded, 100% to hit)
The magic dart hits the orc.
You kill the orc!
You start resting.
Magic restored.
You hit something. Something hits you.
You puncture something! Something barely misses you.
You hit something but do no damage.
You hear some strange, mumbled words.
Something tries to affect you, but you resist.
You hit something but do no damage. Something hits you.
Casting: Magic Dart (safe; 8% risk of failure)
Confirm with . or Enter, or press ? or * to list all spells.
You can't see any susceptible monsters within range! (Use Z to cast anyway.)
Casting: Magic Dart (safe; 8% risk of failure)
Confirm with . or Enter, or press ? or * to list all spells.
Okay, then.
Aiming: Magic Dart (safe; 8% risk of failure)
Press: ? - help, Q - select action, (/) - cycle Shift-Dir - straight line, f - orc wizard
Aim: an orc wizard, wielding a +0 dagger and wearing a +0 robe (100% to hit)
The magic dart hits something.
Aiming: Magic Dart (safe; 8% risk of failure)
Press: ? - help, Q - select action, (/) - cycle Shift-Dir - straight line, f/p - orc wizard
Aim: an orc wizard, wielding a +0 dagger and wearing a +0 robe (100% to hit)
The magic dart hits the orc wizard but does no damage.
Something hits you.
The orc wizard points at you and mumbles some strange words.
You are confused.
You bump into the rock wall.
You hear some strange, mumbled words.
A puff of flame appears from out of thin air!
The puff of flame hits you!
You miss something. Something hits you. x2
You bump into the rock wall.
Something hits you.
* * * LOW HITPOINT WARNING * * *
The orc wizard points at you and mumbles some strange words.
The magic dart hits you!
You die...

#############
#...........#
#.##........#
#.##........#
#.###{###'############
#....@.o..............
#######...).o.........
######..........
#..........
#..........
#..........
#..........
#...$......
#.....$....


You could see 2 orc wizards.

Vanquished Creatures
  3 adders
  A worm (D:2)
  A dart slug (D:4)
  An orc (D:4)
  2 ball pythons (D:2)
  2 bats
  An endoplasm (D:1)
  3 giant cockroaches (D:2)
  9 goblins
  9 hobgoblins
  6 jackals
  4 kobolds
  A frilled lizard (D:3)
  3 rats
46 creatures vanquished.

Vanquished Creatures (collateral kills)
  A bat (D:1)
1 creature vanquished.

Grand Total: 47 creatures vanquished

Notes
Turn   | Place    | Note
-------+----------+-------------------------------------------
     0 | D:1      | Barneous the Octopode Hedge Wizard began the quest for the
                  | Orb.
     0 | D:1      | Reached XP level 1. HP: 11/11 MP: 4/4
   101 | D:1      | Found Ybrups's Antique Armour Shop.
   196 | D:1      | Reached XP level 2. HP: 17/17 MP: 4/6
   512 | D:1      | Found Suseosk's Assorted Antiques.
   882 | D:1      | Found Daimate's Antique Armour Boutique.
   962 | D:1      | Found a faded altar of an unknown god.
  1440 | D:2      | Reached XP level 3. HP: 14/21 MP: 5/7
  2272 | D:3      | Identified the +2 helmet of Feasting {rN+ Str+3 Slay+2}
  2272 | D:3      | Noticed Robin
  2610 | D:3      | Reached skill level 1 in Short Blades
  2610 | D:3      | Reached XP level 4. HP: 23/27 MP: 4/9
  2655 | D:3      | Learned a level 2 spell: Blink
  2659 | D:3      | Learned a level 3 spell: Mephitic Cloud
  3482 | D:4      | Identified the +1 leather armour of Valour {Str+3 SInv}
  3849 | D:4      | Killed from afar by an orc wizard

Illustrated notes

Levels and vault maps discovered:
D:1:      saegor_arrival_simple_e, layout_loops_corners, serial_shops, shop,
          nicolae_shop_overgrown_old_shop, nicolae_lakefront_shop,
          chequers_ecumenical_altar_simple
D:2:      layout_basic
D:3:      layout_rooms, hangedman_glass_teeth, lemuel_flame_loot_1, uniq_robin
D:4:      dreamdust_elfheim, layout_basic, nicolae_shop_firing_range

Skill      XL: |  1  2  3  4 |
---------------+-------------+-----
Short Blades   | 1 |  1.0
Stealth        | 3 |  3.0
Fighting       | |  0.2
Dodging        | |  2.0
Unarmed Combat | |  0.8
Spellcasting   | |  3.6
Conjurations   | |  1.5
Summonings     | |  1.8
Translocations | |  1.4
Air Magic      | |  0.1
Poison Magic   | |  0.4

Action                   |  1- 3 |  4- 6 || total
-------------------------+-------+-------++-------
Melee: Dagger            |    31 |       ||    31
       Constrict         |    13 |     2 ||    15
       Tentacles         |     3 |     2 ||     5
       Rapier            |    13 |    17 ||    30
 Cast: Magic Dart        |    45 |    25 ||    70
       Mephitic Cloud    |       |     2 ||     2
  Use: Scroll            |     7 |     1 ||     8
       Potion            |     2 |     3 ||     5
 Stab: Sleeping          |     3 |     1 ||     4
       Distracted        |     1 |       ||     1
Armor: Skin              |     7 |       ||     7
Dodge: Dodged            |    28 |     8 ||    36
